 Dungeon Crawl Stone Soup version 0.29-a0-1052-g6990b1bffc (webtiles) character file.

Game seed: 12697305064162026625

103 Spectrina the Ducker (level 5, 0/38 HPs)
             Began as a Djinni Venom Mage on Aug 18, 2022.
             Slain by a centaur (4 damage)
             ... on level 5 of the Dungeon.
             The game lasted 00:08:28 (1089 turns).

Spectrina the Ducker (Djinni Venom Mage)            Turns: 1089, Time: 00:08:28

Health: 0/38       AC:  2    Str:  4 (6)  XL:     5   Next: 6%
Gold:   72         EV: 11    Int: 19 (22) God:
                   SH:  3    Dex:  8 (11)

rFire   + + .      SeeInvis .   h - staff of earth
rCold   x . .      Faith    .   d - +1 buckler {rPois}
rNeg    . . .      Spirit   .   a - +0 robe
rPois   ∞          Reflect  .   (no helmet)
rElec   .          Harm     .   (no cloak)
rCorr   .          Rampage  .   (no gloves)
Will    .....                   (boots unavailable)
Stlth   ++........              (no amulet)
HPRegen 0.12/turn               (no ring)
MPRegen 0.00/turn               (no ring)

@: about to teleport, flying
A: sickness immunity, fire resistance 2, cold vulnerability 1, float, innate
caster, HP casting, extra vitality 1, clever 1, clumsy 1
a: no special abilities


You were on level 5 of the Dungeon.
You visited 1 branch of the dungeon, and saw 5 of its levels.

You collected 96 gold pieces.
You spent 24 gold pieces at shops.

Inventory:

Armour
 a - a +0 robe (worn)
 d - a +1 buckler of poison resistance (worn)
Magical Staves
 h - a staff of earth (weapon)
Wands
 n - a wand of charming (9)
Scrolls
 b - a scroll of enchant weapon {unknown}
 c - a scroll of poison {unknown}
 g - a scroll of butterflies {unknown}
 k - 2 scrolls of noise
 o - a scroll of identify {unknown}


   Skills:
 + Level 1.6 Fighting
 + Level 3.0 Dodging
 + Level 2.3 Stealth
 + Level 2.8 Spellcasting
 + Level 1.6 Invocations


You couldn't memorise any spells.
You knew the following spells:

 Your Spells              Type           Power      Damage    Failure   Level
a - Sandblast             Erth           40%        2d10      7%          1
l - Mephitic Cloud        Conj/Pois/Air  13%        N/A       21%         3
q - Poisonous Vapours     Pois/Air       26%        N/A       10%         2
s - Sting                 Tmut/Pois      52%        1d5       7%          1
w - Olgreb's Toxic Radia  Pois           13%        N/A       54%         4
x - Passwall              Tmut/Erth      16%        N/A       10%         2
Your spell library was empty.

Dungeon Overview and Level Annotations

Branches:
Dungeon (5/15)
 Temple: D:4-7

Altars:
Elyvilon
Nemelex Xobeh
Wu Jian

Shops:
D:3 ?

Annotations:
D:4 Menkaure, Sigmund


Innate Abilities, Weirdness & Mutations

You are immune to sickness and miasma.
You are immune to poison.
Your flesh is very heat resistant. (rF++)
You are vulnerable to cold. (rC-)
You float through the air rather than walking.
You learn spells naturally, not from books.
Your magical power is your life essence.
You have superior vitality. (+4 MHP)
Your mind is acute. (Int +4, Str/Dex -1)
You are clumsy. (Dex -2)


Message History

Unknown command.
Unknown command.
It was a potion of mutation.
You feel extremely strange.
You feel clever.
You feel clumsy. You block the centaur's attack. The centaur kicks you.
* * * LOW HITPOINT WARNING * * *
The howler monkey hits you.
* * * LOW HITPOINT WARNING * * *
A dart slug comes into view.
The centaur misses you. The centaur barely misses you.
Unknown command.
Unknown command.
It was a potion of degeneration.
There was something very wrong with that liquid.
You feel weakened.
You feel dopey.
You feel clumsy.
The centaur hits you but does no damage.
The centaur kicks you but does no damage.
The howler monkey hits you.
* * * LOW HITPOINT WARNING * * *
Unknown command.
It was a potion of cancellation.
You feel strangely stable.
You feel magically purged.
The howler monkey looks more healthy.
The centaur barely misses you.
The centaur kicks you but does no damage.
The howler monkey barely misses you.
The centaur hits you but does no damage.
You block the centaur's attack.
It was a potion of curing.
You feel better. The howler monkey barely misses you.
The centaur closely misses you. You block the centaur's attack.
The dart slug briefly extends its eye-stalks.
The howler monkey hits you.
* * * LOW HITPOINT WARNING * * *
Unknown command.
Unknown command.
As you read the scroll of teleportation, it crumbles to dust.
You feel strangely unstable. The centaur hits you.
You die...

#...........,,,,,,,
#...........,,####*
#............,....,
#......w.....,#..,,
#.............#..,,
#.............#.#,.
#.............W.#.#
#..h........,,#<...
***#.@.Y.......,,#####
#....c.......$.,,,,,,,
#..............,,*****
#..............,,*
#........#####****
##########


You could see an ice beast, a centaur, a howler monkey and a dart slug.

Vanquished Creatures
  A hound (D:4)
  A gnoll (D:2)
  3 adders
  A dart slug (D:1)
  2 orcs
  3 bats
  An endoplasm (D:2)
  2 giant cockroaches
  2 hobgoblins (D:2)
  A kobold (D:3)
  2 quokkas
  5 ball pythons
  3 goblins
  2 rats
29 creatures vanquished.

Notes
Turn   | Place    | Note
-------+----------+-------------------------------------------
     0 | D:1      | Spectrina the Djinni Venom Mage began the quest for the
                  | Orb.
     0 | D:1      | Spectrina set off with the following spells memorised:
                  | Sting, Poisonous Vapours, Mephitic Cloud, Olgreb's Toxic
                  | Radiance.
     0 | D:1      | Reached XP level 1. HP: 15/15 MP: 0/0
   115 | D:2      | Reached XP level 2. HP: 12/22 MP: 0/0
   335 | D:2      | Found a faded altar of an unknown god.
   365 | D:2      | Reached XP level 3. HP: 2/26 MP: 0/0
   365 | D:2      | Learned a level 1 spell: Sandblast
   479 | D:3      | Reached skill level 1 in Fighting
   479 | D:3      | Reached skill level 1 in Invocations
   522 | D:3      | Found a white marble altar of Elyvilon.
   635 | D:3      | Found Ytiycir's Magic Scroll Shop.
   645 | D:3      | Bought 2 scrolls of noise for 24 gold pieces
   655 | D:2      | Reached XP level 4. HP: 15/32 MP: 0/0
   887 | D:3      | Found a sparkling altar of Nemelex Xobeh.
   887 | D:3      | Found an ornate altar of the Wu Jian Council.
   917 | D:4      | Reached skill level 3 in Dodging
   917 | D:4      | Reached XP level 5. HP: 16/37 MP: 0/0
   917 | D:4      | Learned a level 2 spell: Passwall
   949 | D:5      | Entered Level 5 of the Dungeon
   949 | D:5      | Noticed a phantom
   964 | D:4      | Noticed Sigmund
   997 | D:4      | Noticed Menkaure
  1077 | D:5      | Noticed a centaur
  1083 | D:5      | Noticed an ice beast
  1085 | D:5      | Gained mutation: Your mind is acute. (Int +4, Str/Dex -1)
                  | [potion of mutation]
  1085 | D:5      | Gained mutation: You are clumsy. (Dex -2) [potion of
                  | mutation]
  1089 | D:5      | Slain by a centaur

Illustrated notes

Levels and vault maps discovered:
D:1:      onia_arrival_pentagram, layout_basic
D:2:      layout_loops_cross, hellmonk_ecumenical_altar_zigzags,
          minmay_goblin_kobold_house, uniq_natasha
D:3:      layout_loops_corners, elyvilon_altar_5,
          gammafunk_temple_overflow_pools, serial_shops, nicolae_shop_waterfront
D:4:      layout_gridville, mainiacjoe_overflow_concentric_impassable,
          uniq_grinder, uniq_sigmund, uniq_menkaure
D:5:      layout_basic, enter_ossuary_3, uniq_eustachio

Skill      XL: |  1  2  3  4 |
---------------+-------------+-----
Fighting       | 1 |  1.6
Stealth        | 2 |  2.3
Invocations    | 1 |  1.6
Dodging        | 3 |  3.0
Spellcasting   | |  2.8

Action                   |  1- 3 |  4- 6 || total
-------------------------+-------+-------++-------
 Cast: Sting             |    15 |       ||    15
       Poisonous Vapours |    12 |     8 ||    20
       Sandblast         |     6 |    16 ||    22
  Use: Scroll            |       |     4 ||     4
       Potion            |       |     4 ||     4
Armor: Robe              |     1 |     7 ||     8
Dodge: Dodged            |     5 |    18 ||    23
Block: Buckler           |     3 |     7 ||    10

Table legend: (Time is in decaauts)
 A = Elapsed time spent in this place.
 B = Non-inter-level travel time spent in this place.
 C = Inter-level travel time spent in this place.
 D = Time resting spent in this place.
 E = Time spent auto-exploring this place.
 F = Levels seen in this place.
 G = Mean time per level.
                   A        B        C        D        E       F      G
               +--------+--------+--------+--------+--------+-----+--------+
         Total |   1099 |   1058 |     41 |      0 |      0 |   5 |  219.8 |
       Dungeon |   1099 |   1058 |     41 |      0 |      0 |   5 |  219.8 |
               +--------+--------+--------+--------+--------+-----+--------+

Top non-repeatable levels by time:
     D:2: 359 daAuts
     D:3: 299 daAuts
     D:1: 252 daAuts
     D:4: 167 daAuts
     D:5: 20 daAuts
